 Dungeon Crawl Stone Soup version 0.30-a0-996-ga6910c8ee8 (webtiles) character file.

Game seed: 1896611725111520615

701 gelatine the Firebug (level 7, -8/51 HPs)
             Began as a Demonspawn Fire Elementalist on Apr 5, 2023.
             Was a Believer of Vehumet.
             Mangled by an iguana (11 damage)
             ... on level 5 of the Dungeon.
             The game lasted 00:14:44 (4897 turns).

gelatine the Firebug (Demonspawn Fire Elementalist) Turns: 4897, Time: 00:14:45

Health: -8/51      AC:  5    Str:  8    XL:     7   Next: 38%
Magic:  1/12       EV: 15    Int: 18    God:    Vehumet [**....]
Gold:   260        SH:  0    Dex: 14    Spells: 7/13 levels left

rFire   + . .      SeeInvis .    p - staff of fire
rCold   . . .      Faith    .    y - orb {light}
rNeg    . . .      Spirit   .    a - +0 robe
rPois   .          Reflect  .    u - +0 helmet
rElec   .          Rampage  .    o - +0 cloak
rCorr   .                        h - +0 pair of gloves
Will    .....                    (no boots)
Stlth   +                        (no amulet)
HPRegen 0.28/turn                (no ring)
MPRegen 0.13/turn                (no ring)

@: glowing
A: repulsion field 2, demonic magic 1
a: Renounce Religion


You were on level 5 of the Dungeon.
You worshipped Vehumet.
Vehumet was pleased with you.
You visited 1 branch of the dungeon, and saw 5 of its levels.

You collected 260 gold pieces.

Inventory:

Hand Weapons
 k - a +4 morningstar
 n - a +4 quarterstaff of chaos
Armour
 a - a +0 robe (worn)
 h - a +0 pair of gloves (worn)
 o - a +0 cloak (worn)
 u - a +0 helmet (worn)
 y - an orb of light (worn)
Magical Staves
 p - a staff of fire (weapon)
Jewellery
 d - a ring of protection from fire
Wands
 g - a wand of paralysis (12)
 l - a wand of mindburst (4)
Scrolls
 c - a scroll of amnesia {unknown}
 e - 2 scrolls of fear {unknown}
 i - a scroll of torment {unknown}
 q - a scroll of teleportation {unknown}
 r - 2 scrolls of enchant weapon {unknown}
 t - a scroll of immolation
Potions
 b - a potion of magic
 f - 2 potions of attraction
 j - a potion of brilliance
 m - 2 potions of flight
 s - a potion of heal wounds
 v - a potion of curing {unknown}
 w - 2 potions of resistance
 x - a potion of berserk rage {unknown}


   Skills:
 * Level 2.4 Fighting
 * Level 1.0 Staves
 * Level 2.6 Dodging
 + Level 3.0 Stealth
 + Level 0.1 Unarmed Combat
 + Level 3.6 Spellcasting
 * Level 2.5 Conjurations
 * Level 4.8 Fire Magic
 * Level 2.2 Evocations


You had 7 spell levels left.
You knew the following spells:

 Your Spells              Type           Power      Damage    Failure   Level
a - Foxfire               Conj/Fire      96%        2x1d8     3%          1
b - Scorch                Fire           62%        2d8       3%          2
c - Inner Flame           Hex/Fire       18%        N/A       17%         3

Your spell library contained the following spells:

 Spells                   Type           Power      Damage    Failure   Level
 Magic Dart               Conj           48%        1d5       5%          1
 Kindle Blastsparks       Fire/Tloc/Air  26%        2d12      24%         3
 Flame Wave               Conj/Fire      24%        2d8       32%         4
 Fulminant Prism          Conj/Hex       3%         3d5       65%         4
 Iskenderun's Mystic Bla  Conj/Tloc      7%         2d4       65%         4
 Lee's Rapid Deconstruct  Erth           1%         3d4*      99%         5


Dungeon Overview and Level Annotations

Branches:
Dungeon (5/15)
 Temple: D:4-7

Altars:
Cheibriados
Gozag
Vehumet


Innate Abilities, Weirdness & Mutations

You are surrounded by a moderate repulsion field. (EV +3)
Spells you cast may paralyse adjacent enemies.


Message History

You don't have enough magic to cast this spell.
The foxfire hits the iguana.
The iguana is lightly wounded.
The foxfire hits the iguana.
The iguana is moderately wounded.
The iguana hisses menacingly.
There is a stone staircase leading up here.
The iguana hisses menacingly.
Casting: Foxfire (safe; 3% risk of failure)
Confirm with . or Enter, or press ? or * to list all spells.
You feel a surge of power!
You conjure some foxfire!
Malevolent energies surge around you.
The foxfire hits the iguana but does no damage.
The iguana is moderately wounded.
The foxfire hits the iguana.
The iguana is severely wounded.
You hit the iguana but do no damage.
The iguana is severely wounded.
The iguana misses you.
You hit the iguana but do no damage.
The iguana is severely wounded.
The iguana bites you.
You barely miss the iguana.
The iguana is severely wounded.
The iguana bites you but does no damage.
You hit the iguana.
The iguana is almost dead.
The iguana bites you.
* * * LOW HITPOINT WARNING * * *
You hit the iguana.
The iguana is almost dead.
The iguana bites you!
* * * LOW HITPOINT WARNING * * *
You barely miss the iguana.
The iguana is almost dead.
The iguana completely misses you. The iguana closely misses you.
You hit the iguana but do no damage.
The iguana is almost dead.
The iguana bites you!
You die...

#.##..# #
#.....#####.#
##.....##...
......)##.# ####
#))..# ...# #....#
....# #.#..#.#
###....#
#......######...#
#...#...<....l@#
..........>#######
>....#...#)..
.......######..
..##### #.# .# .


You could see an iguana.

Vanquished Creatures
  An ogre (D:3)
  4 wights (D:4)
  Crazy Yiuf (D:3)
  A hound (D:4)
  A gnoll bouda (D:5)
  An iguana (D:4)
  An orc wizard (D:4)
  Robin (D:3)
  11 gnolls
  6 adders
  3 worms
  2 dart slugs
  10 orcs
  5 endoplasms
  3 giant cockroaches
  10 goblins
  14 hobgoblins
  3 kobolds
  4 quokkas
  5 ball pythons
  3 bats
  7 frilled lizards
  3 rats
100 creatures vanquished.

Vanquished Creatures (others)
  291 foxfires
291 creatures vanquished.

Grand Total: 391 creatures vanquished

Notes
Turn   | Place    | Note
-------+----------+-------------------------------------------
     0 | D:1      | gelatine the Demonspawn Fire Elementalist began the quest
                  | for the Orb.
     0 | D:1      | Reached XP level 1. HP: 13/13 MP: 3/3
   286 | D:1      | Reached skill level 3 in Fire Magic
   523 | D:1      | Gained mutation: You are surrounded by a mild repulsion
                  | field. (EV +2) [demonic ancestry]
   523 | D:1      | Reached XP level 2. HP: 19/19 MP: 3/5
   716 | D:1      | You fall into a shaft and drop 1 floor!
   761 | D:2      | Gained mutation: You are surrounded by a moderate repulsion
                  | field. (EV +3) [demonic ancestry]
   761 | D:2      | Reached XP level 3. HP: 18/24 MP: 0/6
   833 | D:2      | Found a radiant altar of Vehumet.
  1391 | D:2      | Learned a level 2 spell: Scorch
  1771 | D:2      | Became a worshipper of Vehumet
  2080 | D:3      | Reached XP level 4. HP: 30/30 MP: 2/7
  2137 | D:3      | Noticed an ogre
  2149 | D:3      | Killed an ogre
  2150 | D:3      | Reached skill level 4 in Fire Magic
  2150 | D:3      | Gained mutation: Spells you cast may paralyse adjacent
                  | enemies. [demonic ancestry]
  2150 | D:3      | Reached XP level 5. HP: 23/35 MP: 0/9
  2546 | D:3      | Found a runed translucent door.
  2547 | D:3      | Noticed Crazy Yiuf
  2554 | D:3      | Killed Crazy Yiuf
  2736 | D:3      | Reached skill level 1 in Fighting
  2798 | D:3      | Reached * piety under Vehumet
  2798 | D:3      | Offered knowledge of Magic Dart by Vehumet.
  3102 | D:3      | Reached XP level 6. HP: 40/43 MP: 4/10
  3191 | D:3      | Noticed Robin
  3203 | D:3      | Killed Robin
  3438 | D:3      | Found a snail-covered altar of Cheibriados.
  3438 | D:3      | Found an opulent altar of Gozag.
  3606 | D:4      | Found a radiant altar of Vehumet.
  3669 | D:4      | Reached skill level 1 in Evocations
  3807 | D:4      | Learned a level 3 spell: Inner Flame
  4114 | D:4      | Reached XP level 7. HP: 22/49 MP: 2/12
  4842 | D:5      | Entered Level 5 of the Dungeon
  4870 | D:5      | Reached ** piety under Vehumet
  4871 | D:5      | Reached skill level 1 in Staves
  4895 | D:5      | HP: 2/51 [iguana (13)]
  4897 | D:5      | Mangled by an iguana

Illustrated notes

Levels and vault maps discovered:
D:1:      dpeg_arrival_ternary, layout_basic
D:2:      layout_rooms, basic_altar, grunt_ministairs_8, hangedman_decor_growths
D:3:      layout_loops_ring, lemuel_round_altar, nicolae_overflow_two_pavilions,
          uniq_crazy_yiuf_cottage, uniq_robin, uniq_ijyb
D:4:      layout_basic, vehumet_crystals
D:5:      layout_rooms, uniq_grinder

Skill      XL: |  1  2  3  4  5  6  7 |
---------------+----------------------+-----
Fire Magic     | 3 4 |  4.8
Dodging        | 2 |  2.6
Stealth        | 2 3 |  3.0
Spellcasting   | 3 |  3.6
Conjurations   | 2 |  2.5
Fighting       | 1 2 |  2.4
Evocations     | 2 |  2.2
Staves         | 1 |  1.0
Unarmed Combat | |  0.1

Action                     |  1- 3 |  4- 6 |  7- 9 || total
---------------------------+-------+-------+-------++-------
  Melee: Unarmed           |    11 |     6 |       ||    17
         Quarterstaff      |       |    32 |     1 ||    33
         Morningstar       |       |     6 |       ||     6
         Staff             |       |       |    16 ||    16
   Cast: Foxfire           |    74 |    72 |    31 ||   177
         Scorch            |     6 |    22 |     1 ||    29
         Inner Flame       |       |     2 |       ||     2
    Use: Scroll            |     2 |     4 |       ||     6
   Stab: Paralysed         |       |     7 |     2 ||     9
 Armour: Robe              |     2 |     3 |     1 ||     6
  Dodge: Dodged            |    10 |    30 |    30 ||    70

Table legend: (Time is in decaauts)
 A = Elapsed time spent in this place.
 B = Non-inter-level travel time spent in this place.
 C = Inter-level travel time spent in this place.
 D = Time resting spent in this place.
 E = Time spent auto-exploring this place.
 F = Levels seen in this place.
 G = Mean time per level.
                   A        B        C        D        E       F      G
               +--------+--------+--------+--------+--------+-----+--------+
         Total |   4910 |   4740 |    170 |    200 |   3764 |   5 |  982.0 |
       Dungeon |   4910 |   4740 |    170 |    200 |   3764 |   5 |  982.0 |
               +--------+--------+--------+--------+--------+-----+--------+

Top non-repeatable levels by time:
     D:3: 1493 daAuts
     D:4: 1283 daAuts
     D:2: 1224 daAuts
     D:1: 852 daAuts
     D:5: 56 daAuts
